AoeStats
← Im Noob

Nomad

510297983Analyzed
4v4 RM · 5h ago on Sep 30, 2026· 26m 36s· 8 players
Game mode
Random Map
Map size
231×231
Population
200
Speed
Normal
Resources
Standard
Victory
Conquest
Starting age
Dark Age
Ending age
Imperial Age
RankedLock teamsTeams togetherTeam positionsShared explorationLock speedFull tech treeHidden civsTurbo modeCheats
Victory
Defeat
🇨🇳 Italians · China
1063
+15
🇯🇵 Huns · Japan
1001
+17
🇨🇳 Saxons · China
997
+18
🇨🇳 Danes · China
978
+18
🇨🇳 Spanish · China
1099
-19
🇹🇼 Huns · Taiwan
1069
-19
🇨🇳 Teutons · China
1035
-17
🇷🇺 Celts · Russia
928
-13
LWwcnm
14:30 Feudal Age
15:15 Loom
14:54 Man-at-Arms
18:06 Arson
24:08 Castle Age
24:29 Gold Mining
26:01 Wheelbarrow
25:14 Town Watch
天地银行行长
15:38 Feudal Age
20:01 Castle Age
17:51 Double-Bit Axe
17:59 Horse Collar
21:28 Bow Saw
22:27 Heavy Plow
378080739
6:04 Loom
16:53 Feudal Age
22:23 Castle Age
20:43 Fishing Lines
22:03 Stone Mining
22:01 Double-Bit Axe
24:39 Gillnets
寻找迷失的爱
4:48 Loom
12:57 Feudal Age
14:36 Fletching
18:31 Castle Age
16:35 Stone Mining
17:37 Fishing Lines
24:49 Double-Bit Axe
赢嘤嘤嘤嘤因
5:01 Loom
14:08 Feudal Age
14:40 Loom
14:20 Man-at-Arms
23:03 Arson
Im Noob
5:16 Loom
14:31 Feudal Age
18:37 Castle Age
RAVILKA_BIG
小胖胖
5:07 Loom
14:24 Feudal Age
19:19 Castle Age
18:46 Fishing Lines
19:31 Scale Barding Armor
20:04 Forging
20:44 Bloodlines
21:41 Husbandry
Connection lost

Rejoining the realm…

Still unreachable

The connection could not be restored.

Session expired

The server has moved on; the page needs a fresh start.